 Dungeon Crawl Stone Soup version 0.29.1-1-gd02db6906a (webtiles) character file.

Game seed: 16287709861184171315

43021 tizbic2 the Summoner (level 13, -37/112 HPs)
             Began as a Red Draconian Wanderer on Oct 20, 2022.
             Was the Champion of Fedhas.
             Killed from afar by an ice dragon (61 damage)
             ... with a blast of cold
             ... on level 4 of the Lair of Beasts.
             The game lasted 01:32:10 (12648 turns).

tizbic2 the Summoner (Red Draconian Wanderer)      Turns: 12648, Time: 01:32:14

Health: -37/112    AC: 22    Str: 19    XL:     13   Next: 88%
Magic:  9/25       EV: 15    Int: 23    God:    Fedhas [******]
Gold:   450        SH:  0    Dex: 17    Spells: 4/28 levels left

rFire   + . .      SeeInvis .   a - +6 quarterstaff "Impslayer" {protect, Dex+4}
rCold   x . .      Faith    .   (shield currently unavailable)
rNeg    . . .      Spirit   .   (body armour unavailable)
rPois   .          Reflect  .   S - +2 hat
rElec   +          Harm     .   R - +1 cloak {Will+}
rCorr   .          Rampage  .   t - +3 pair of gloves of the Thistle {rElec Dex+4}
Will    +....                   l - +1 pair of boots
Stlth   ++........              h - amulet of regeneration
HPRegen 1.08/turn               C - +4 ring of protection
MPRegen 0.19/turn               X - ring "Jeguocoe" {Fly rC- Int+6 Dex+2}

@: short of breath, flying, slowed, very slow
A: breathe fire, AC +8, unfitting armour, fire resistance 1, cold-blooded, horns
1, clumsy 1, strong 1
a: Breathe Fire, Renounce Religion, Wall of Briars, Grow Ballistomycete,
Overgrow, Grow Oklob


You were on level 4 of the Lair of Beasts.
You worshipped Fedhas.
Fedhas was exalted by your worship.
You visited 2 branches of the dungeon, and saw 17 of its levels.

You collected 1076 gold pieces.
You spent 626 gold pieces at shops.

Inventory:

Hand Weapons
 a - the +6 quarterstaff "Impslayer" (weapon) {protect, Dex+4}
   (You found it on level 9 of the Dungeon)

   It grants its wielder temporary protection when it strikes (+7 to AC).
   Dex:       It affects your dexterity (+4).
 o - the +8 spear "Pydoq" {drain, Drain rF++ Dex+5}
   (You found it on level 2 of the Dungeon)

   A truly terrible weapon, it drains the life of any living foe it strikes.
   Dex:       It affects your dexterity (+5).
   rF:        It greatly protects you from fire.
   Drain:     It drains your maximum health when unequipped.
 w - a +0 shortbow
 K - a +2 short sword of holy wrath
Missiles
 i - 6 boomerangs of dispersal (quivered)
 j - 3 throwing nets
 F - 37 poisoned darts
 H - 6 boomerangs
Armour
 l - a +1 pair of boots (worn)
 t - the +3 pair of gloves of the Thistle (worn) {rElec Dex+4}
   (You found it on level 3 of the Dungeon)

   Dex:       It affects your dexterity (+4).
   rElec:     It insulates you from electricity.
 R - a +1 cloak of willpower (worn)
 S - a +2 hat (worn)
Magical Staves
 N - a staff of fire
Jewellery
 h - an amulet of regeneration (around neck)
 C - a +4 ring of protection (left hand)
 G - a ring of poison resistance
 L - a ring of flight
 O - a +6 ring of intelligence
 P - a ring of positive energy
 U - a ring of resist corrosion
 X - the ring "Jeguocoe" (right hand) {Fly rC- Int+6 Dex+2}
   (You found it on level 2 of the Lair of Beasts)

   [ring of intelligence]

   Int:       It affects your intelligence (+6).
   Dex:       It affects your dexterity (+2).
   rC:        It makes you vulnerable to cold.
   Fly:       It grants you flight.
 Z - a ring of magical power
Wands
 e - a wand of digging (11)
 A - a wand of polymorph (11)
 D - a wand of mindburst (16)
 I - a wand of paralysis (5)
 J - a wand of quicksilver (5)
 Q - a wand of roots (10)
Scrolls
 b - a scroll of summoning
 g - a scroll of fear
 k - 8 scrolls of teleportation
 y - 4 scrolls of immolation
 B - 3 scrolls of butterflies
 M - 4 scrolls of identify
 T - a scroll of silence
 V - 2 scrolls of poison
 W - a scroll of blinking
Potions
 c - 4 potions of attraction
 d - 3 potions of might
 f - 5 potions of curing
 m - 6 potions of mutation
 n - 4 potions of berserk rage
 p - a potion of magic
 q - 3 potions of ambrosia
 r - 4 potions of lignification
 s - a potion of resistance
 v - 5 potions of heal wounds
 x - 2 potions of flight
 z - 4 potions of brilliance
 E - 3 potions of haste
Miscellaneous
 u - a box of beasts
 Y - a phial of floods


   Skills:
 + Level 9.7 Fighting
 - Level 5.4(8.1) Polearms
 * Level 9.4(10.0) Staves
 + Level 6.2 Dodging
 + Level 8.4 Spellcasting
 * Level 13.2 Summonings
 - Level 8.7 Fire Magic
 - Level 2.7 Ice Magic
 - Level 3.3 Air Magic
 + Level 7.1 Invocations
 - Level 3.8 Evocations


You had 4 spell levels left.
You knew the following spells:

 Your Spells              Type           Power      Damage    Failure   Level
a - Summon Small Mammal   Summ           100%       N/A       1%          1
b - Call Canine Familiar  Summ           63%        N/A       1%          3
c - Summon Ice Beast      Ice/Summ       46%        N/A       2%          4
d - Poisonous Vapours     Pois/Air       34%        N/A       4%          2
e - Summon Lightning Spi  Summ/Air       47%        N/A       2%          4
f - Apportation           Tloc           18%        N/A       7%          1
g - Airstrike             Air            12%        2d(2-18)  17%         4
h - Flame Wave            Conj/Fire      29%        2d9       11%         4
i - Foxfire               Conj/Fire      100%       2x1d9     1%          1

Your spell library contained the following spells:

 Spells                   Type           Power      Damage    Failure   Level
 Summon Guardian Golem    Hex/Summ       40%        N/A       1%          3
 Freeze                   Ice            88%        1d10      2%          1
 Conjure Flame            Conj/Fire      29%        6-21      3%          3
 Inner Flame              Hex/Fire       29%        N/A       3%          3
 Static Discharge         Conj/Air       17%        3-6/arc   4%          2
 Slow                     Hex            36%        N/A       7%          1
 Sting                    Tmut/Pois      36%        1d4       7%          1
 Frozen Ramparts          Ice            44%        1d7       7%          3
 Sublimation of Blood     Necr           9%         N/A       10%         2
 Confusing Touch          Hex            9%         N/A       21%         3
 Dazzling Flash           Conj/Hex       18%        N/A       21%         3
 Vampiric Draining        Necr           9%         2d6       21%         3
 Animate Dead             Necr           9%         N/A       54%         4
 Olgreb's Toxic Radiance  Pois           9%         N/A       54%         4
 Petrify                  Tmut/Erth      9%         N/A       54%         4
 Lightning Bolt           Conj/Air       8%         1d21      67%         5
 Silence                  Hex/Air        8%         N/A       67%         5
 Agony                    Necr           9%         N/A       88%         5
 Alistair's Intoxication  Tmut/Pois      6%         N/A       88%         5
 Borgnjor's Vile Clutch   Necr/Erth      4%         N/A       88%         5
 Irradiate                Conj/Tmut      4%         3d13      88%         5
 Yara's Violent Unravell  Hex/Tmut       4%         3d4       88%         5
 Death Channel            Necr           4%         N/A       100%        6
 Enfeeble                 Hex            4%         N/A       100%        7
 Maxwell's Capacitive Co  Air            12%        ∞         100%        8


Dungeon Overview and Level Annotations

Branches:
Dungeon (12/15)            Temple (0/1) D:7            Lair (5/5) D:10
  Swamp (0/4) Lair:3        Snake (0/4) Lair:2        Slime (0/5) Lair:4
    Orc (0/2) D:9

Altars:
Ashenzari
Cheibriados
Fedhas
Qazlal
Yredelemnul
Zin
Jiyva

Shops:
D:2 =   D:8 !   D:11 [

Annotations:
D:11 Nessos
Lair:4 Rupert, Snorg


Innate Abilities, Weirdness & Mutations

You can breathe blasts of fire.
Your fiery red scales are hard. (AC +8)
You cannot fit into any form of body armour.
Your flesh is heat resistant. (rF+)
You are cold-blooded and may be slowed by cold attacks.
You have a pair of small horns on your head.
You are clumsy. (Dex -2)
Your muscles are strong. (Str +4, Int/Dex -1)


Message History

Your lightning spire shoots out a bolt of lightning at the ice dragon!
The bolt of electricity hits the ice dragon!
Fedhas protects a plant from harm.
You feel much better. The wolf bites you but does no damage.
The wolf closely misses you.
The death yak simulacrum gores your lightning spire!
The death yak simulacrum freezes your lightning spire.
Your lightning spire resists.
Your lightning spire is destroyed!
Your lightning spire disappears in a puff of smoke!
The polar bear closely misses you.
The polar bear claws you but does no damage.
The polar bear barely misses you. The wolf misses you.
The ice dragon roars deafeningly!
The polar bear closely misses you.
The polar bear claws you but does no damage. x2
The polar bear closely misses you.
The polar bear claws you but does no damage.
The polar bear misses you.
Casting: Summon Lightning Spire (mildly dangerous; 2% risk of failure)
Confirm with . or Enter, or press ? or * to list all spells.
An electric hum fills the air.
The wolf bites you but does no damage.
The wolf splashes around in the water.
The ice dragon bites you. The ice dragon claws you!
* * * LOW HITPOINT WARNING * * *
The ice dragon tramples you but does no damage.
The polar bear barely misses you. The polar bear closely misses you.
The polar bear claws you.
* * * LOW HITPOINT WARNING * * *
The wolf bites you.
* * * LOW HITPOINT WARNING * * *
The polar bear attacks as you move away!
The polar bear completely misses you. The polar bear misses you.
The polar bear barely misses you. The wolf bites you.
* * * LOW HITPOINT WARNING * * *
The ice dragon breathes frost at you. The blast of cold hits you!!!
You feel a terrible chill!
Ouch! That really hurt!
You die...
Fedhas appreciates your contribution to the ecosystem.

.#
#.##.#...(....#.##P...
..## ###.....†.(.##....
....###
#..........###.#..
..$..###.........# ##...
##.....#..........# ##..
...###~##.............##
#.#
~~~~~~~~P~P..........##
###
~~~~~~~~~~#..........#
~~≈~~~~~~~~~~@8......#
.$..~).≈≈≈≈~hDh~~...##
.......~≈≈≈≈~≈≈Z~~~~P#
∩.........~.~.~~~~~~##
[$|$8.......~.~.~~~~~#
##################~≈~#
#####


You could see an ice dragon (catching breath, ally target), a polar bear, a
wolf, a death yak simulacrum and a friendly lightning spire (summoned).

Vanquished Creatures
  A boulder beetle (D:11)
  2 hydras
  A catoblepas (Lair:4)
  2 two-headed ogres
  A cyclops (D:11)
  4 elephants (Lair:4)
  3 black mambas
  5 cane toads
  6 rime drakes
  An unseen horror (D:10)
  5 komodo dragons (Lair:1)
  2 trolls (D:11)
  A polar bear (Lair:1)
  Prince Ribbit (D:5)
  16 blink frogs
  A dream sheep (Lair:4)
  2 slime creatures (D:11)
  2 hornets (Lair:2)
  Sigmund (D:6)
  A wraith (D:10)
  An air elemental (D:11)
  22 yaks
  4 wyverns
  A water elemental (D:11)
  A fire elemental (D:11)
  3 basilisks
  3 steam dragons
  8 water moccasins
  4 orc warriors
  A sky beast (D:8)
  2 ogres
  4 wolves
  3 centaurs
  A phantom (D:5)
  7 kobold brigands (D:9)
  2 necrophages
  10 bullfrogs
  A gnoll sergeant (D:8)
  4 scorpions
  An earth elemental (D:11)
  A two-headed ogre simulacrum (Lair:4)
  A water moccasin zombie (D:5)
  7 wights
  8 killer bees
  An elephant simulacrum (Lair:4)
  2 howler monkeys
  2 electric eels
  3 hounds
  7 orc priests
  A bullfrog zombie (D:5)
  3 jellies
  Terence (D:2)
  A human zombie (D:5)
  7 iguanas
  13 orc wizards
  A spriggan simulacrum (Lair:4)
  2 killer bee zombies (D:5)
  A hound zombie (D:5)
  2 mummies (D:5)
  7 adders
  2 shadow imps
  2 white imps
  An adder zombie (D:5)
  A worm (D:4)
  2 dart slugs
  37 orcs
  7 ball pythons
  3 endoplasms
  2 giant cockroaches
  4 goblins
  A hobgoblin (D:4)
  5 quokkas
  4 bats
  2 frilled lizards
  16 kobolds
  6 rats
307 creatures vanquished.

Vanquished Creatures (collateral kills)
  A hydra (D:11)
  3 two-headed ogres
  A catoblepas (Lair:1)
  An ugly thing (D:11)
  A cyclops (D:11)
  3 black mambas
  Maurice (D:11)
  2 torpor snails (Lair:4)
  3 cane toads
  A kobold demonologist (D:9)
  2 komodo dragons (Lair:2)
  A rime drake (Lair:1)
  A freezing wraith (Lair:4)
  A polar bear (Lair:2)
  A troll (D:9)
  3 hornets (Lair:2)
  8 blink frogs
  A slime creature (D:11)
  4 dream sheep (Lair:4)
  A wyvern (Lair:2)
  A shadow (D:10)
  3 basilisks
  9 yaks
  4 vampire mosquitoes (D:11)
  4 water moccasins
  2 orc warriors (D:9)
  4 centaurs
  3 wolves
  A phantom (D:4)
  6 kobold brigands (D:9)
  A bullfrog (Lair:3)
  7 wights
  7 killer bees (D:9)
  An electric eel (D:8)
  2 howler monkeys (D:10)
  3 orc priests
  2 hounds
  A scorpion zombie (D:5)
  6 orc wizards
  A spriggan simulacrum (Lair:4)
  3 gnolls (D:8)
  2 adders (D:5)
  A shadow imp (D:6)
  13 orcs
  4 endoplasms
  2 goblins
  2 quokkas
  A ball python (D:2)
  3 frilled lizards
  A kobold (D:3)
140 creatures vanquished.

Vanquished Creatures (others)
  A centaur (D:11)
  9 foxfires
  14 fungi
  22 plants
46 creatures vanquished.

Grand Total: 493 creatures vanquished

Notes
Turn   | Place    | Note
-------+----------+-------------------------------------------
     0 | D:1      | tizbic2 the Draconian Wanderer began the quest for the Orb.
     0 | D:1      | tizbic2 set off with the following items: a +0 club, a
                  | scroll of summoning, a potion of attraction; and the
                  | following spells available to memorise: Summon Small
                  | Mammal, Freeze, Call Canine Familiar, Frozen Ramparts,
                  | Summon Ice Beast.
     0 | D:1      | Reached XP level 1. HP: 16/16 MP: 3/3
    18 | D:1      | Learned a level 1 spell: Summon Small Mammal
   123 | D:1      | Found a faded altar of an unknown god.
   140 | D:1      | Prayed at the altar of an unknown god.
   140 | D:1      | Became a worshipper of Fedhas Madash
   140 | D:1      | Reached * piety under Fedhas
   171 | D:1      | Reached XP level 2. HP: 15/23 MP: 1/5
   567 | D:2      | Reached XP level 3. HP: 25/29 MP: 2/6
   582 | D:2      | Learned a level 3 spell: Call Canine Familiar
   691 | D:2      | Identified the +8 spear "Pydoq" {drain, Drain rF++ Dex+5}
   712 | D:2      | Found Osivoil's Jewellery Boutique.
  1011 | D:2      | Reached ** piety under Fedhas
  1052 | D:2      | Noticed Terence
  1064 | D:2      | Killed Terence
  1065 | D:2      | Reached XP level 4. HP: 15/36 MP: 2/7
  1132 | D:3      | Noticed a scorpion
  1135 | D:3      | Killed a scorpion
  1136 | D:3      | Reached skill level 1 in Polearms
  1136 | D:3      | Reached skill level 5 in Summonings
  1136 | D:3      | Reached XP level 5. HP: 42/42 MP: 7/9
  1845 | D:3      | Identified the +3 pair of gloves of the Thistle {rElec
                  | Dex+4}
  2033 | D:4      | Reached XP level 6. HP: 51/51 MP: 10/10
  2148 | D:4      | Reached *** piety under Fedhas
  2349 | D:5      | Entered Level 5 of the Dungeon
  2359 | D:5      | Reached skill level 6 in Summonings
  2405 | D:5      | Your scales start taking on a fiery red colour.
  2405 | D:5      | Reached XP level 7. HP: 57/57 MP: 7/12
  2405 | D:5      | Gained mutation: Your flesh is heat resistant. (rF+) [Red
                  | Draconian growth]
  2461 | D:5      | Reached skill level 1 in Fire Magic
  2476 | D:5      | Noticed Prince Ribbit
  2513 | D:5      | Killed Prince Ribbit
  2514 | D:5      | Reached skill level 1 in Invocations
  2613 | D:5      | Found a basalt altar of Yredelemnul.
  2635 | D:5      | Reached XP level 8. HP: 52/66 MP: 14/14
  2695 | D:5      | Reached skill level 7 in Summonings
  2711 | D:5      | Reached **** piety under Fedhas
  2902 | D:5      | Found a snail-covered altar of Cheibriados.
  2902 | D:5      | Found a faded altar of an unknown god.
  2911 | D:5      | Found a broken altar of Ashenzari.
  2913 | D:5      | Found a stormy altar of Qazlal.
  2915 | D:5      | Found a glowing silver altar of Zin.
  3456 | D:6      | Noticed Sigmund
  3469 | D:6      | Killed Sigmund
  3470 | D:6      | Reached skill level 5 in Fighting
  3470 | D:6      | Reached skill level 5 in Fire Magic
  3476 | D:6      | Reached XP level 9. HP: 74/74 MP: 13/15
  3693 | D:7      | Reached skill level 8 in Summonings
  3823 | D:7      | Found a staircase to the Ecumenical Temple.
  3851 | D:7      | Learned a level 4 spell: Summon Ice Beast
  3854 | D:7      | Learned a level 2 spell: Poisonous Vapours
  4100 | D:7      | Reached skill level 5 in Spellcasting
  4125 | D:7      | Reached ***** piety under Fedhas
  4464 | D:8      | You fall into a shaft and drop 2 floors!
  4464 | D:10     | Entered Level 10 of the Dungeon
  4487 | D:9      | Noticed a troll
  4580 | D:8      | Reached skill level 5 in Polearms
  4719 | D:8      | Reached XP level 10. HP: 83/83 MP: 11/18
  4861 | D:8      | Found Humop's Distillery.
  4866 | D:8      | Bought 2 potions of mutation for 224 gold pieces
  4866 | D:8      | Gained mutation: You are strong-willed. (Will+) [potion of
                  | mutation]
  4867 | D:8      | Lost mutation: You are strong-willed. (Will+) [potion of
                  | mutation]
  4867 | D:8      | Gained mutation: Your mind is acute. (Int +4, Str/Dex -1)
                  | [potion of mutation]
  4867 | D:8      | Gained mutation: You are clumsy. (Dex -2) [potion of
                  | mutation]
  4868 | D:8      | Lost mutation: You are clumsy. (Dex -2) [potion of
                  | mutation]
  4868 | D:8      | Lost mutation: Your mind is acute. (Int +4, Str/Dex -1)
                  | [potion of mutation]
  4868 | D:8      | Gained mutation: You have sharp fingernails. [potion of
                  | mutation]
  4869 | D:8      | Lost mutation: You have sharp fingernails. [potion of
                  | mutation]
  4869 | D:8      | Gained mutation: You are clumsy. (Dex -2) [potion of
                  | mutation]
  4869 | D:8      | Gained mutation: Your muscles are strong. (Str +4, Int/Dex
                  | -1) [potion of mutation]
  4869 | D:8      | Gained mutation: You have a pair of small horns on your
                  | head. [potion of mutation]
  4992 | D:8      | Noticed a two-headed ogre
  5006 | D:8      | Killed a two-headed ogre
  5007 | D:8      | Reached skill level 1 in Dodging
  5007 | D:8      | Reached skill level 9 in Summonings
  5466 | D:9      | Reached skill level 5 in Invocations
  5528 | D:9      | Learned a level 4 spell: Summon Lightning Spire
  5587 | D:9      | Identified the +6 quarterstaff "Impslayer" {protect, Dex+4}
  5639 | D:9      | Identified the +3 ring mail of Moijosemn {rPois Str-4 Int+6
                  | SInv}
  5670 | D:8      | Reached skill level 1 in Air Magic
  5841 | D:9      | Reached skill level 1 in Staves
  6050 | D:9      | Reached ****** piety under Fedhas
  6061 | D:9      | Reached skill level 10 in Summonings
  6251 | D:9      | Learned a level 1 spell: Apportation
  6304 | D:9      | Reached XP level 11. HP: 87/91 MP: 20/20
  6860 | D:9      | Found a staircase to the Orcish Mines.
  7049 | D:2      | Bought a ring of flight for 192 gold pieces
  7399 | D:9      | Identified the +2 ring mail "Vefuunle" {Drain Str+5}
  7514 | D:10     | Noticed a two-headed ogre
  7540 | D:10     | Killed a two-headed ogre
  7748 | D:10     | Reached skill level 1 in Evocations
  7751 | D:10     | Found a staircase to the Lair.
  7885 | D:10     | Learned a level 4 spell: Airstrike
  8321 | D:11     | Found a large runed translucent door.
  8321 | D:11     | Found a large runed translucent door.
  8340 | D:11     | Paralysed by an air elemental for 1 turns
  8343 | D:11     | Paralysed by an air elemental for 1 turns
  8345 | D:11     | Paralysed by an air elemental for 1 turns
  8440 | D:11     | Found Voiniop's Antique Armour Shop.
  8465 | D:11     | Noticed a red ugly thing
  8474 | D:11     | Noticed a seven-headed hydra
  8479 | D:11     | Killed a red ugly thing
  8491 | D:11     | Killed a seven-headed hydra
  8516 | D:11     | Noticed a two-headed ogre
  8535 | D:11     | Killed a two-headed ogre
  8536 | D:11     | Reached skill level 5 in Staves
  8619 | D:11     | Noticed a boulder beetle
  8641 | D:11     | Reached skill level 11 in Summonings
  8647 | D:11     | Killed a boulder beetle
  8648 | D:11     | Reached XP level 12. HP: 52/101 MP: 6/22
  8744 | D:11     | Bought a runed cloak for 210 gold pieces
  8766 | D:11     | Noticed a two-headed ogre
  8775 | D:11     | Killed a two-headed ogre
  8883 | D:11     | Noticed a two-headed ogre
  8891 | D:11     | Killed a two-headed ogre
  8974 | D:12     | Noticed Nessos
  8974 | D:12     | Noticed Maurice
  9135 | D:11     | Killed Maurice
  9274 | Lair:1   | Entered Level 1 of the Lair of Beasts
  9629 | Lair:1   | Learned a level 4 spell: Flame Wave
  9631 | Lair:1   | Learned a level 1 spell: Foxfire
 10037 | Lair:1   | Reached skill level 5 in Dodging
 10182 | Lair:1   | Noticed an eight-headed hydra
 10182 | Lair:1   | Noticed a catoblepas
 10202 | Lair:1   | Killed a catoblepas
 10203 | Lair:1   | Reached skill level 12 in Summonings
 10210 | Lair:1   | Killed an eight-headed hydra
 10350 | Lair:2   | Reached XP level 13. HP: 98/110 MP: 19/24
 10461 | Lair:2   | Found a staircase to the Snake Pit.
 10730 | Lair:2   | Identified the ring "Jeguocoe" {Fly rC- Int+6 Dex+2}
 10793 | Lair:2   | Paralysed by a hornet for 3 turns
 11623 | Lair:3   | Found a staircase to the Swamp.
 12218 | Lair:4   | Found the +4 skin of Zhor {*Englaciate rC+++ SInv}
 12229 | Lair:4   | Noticed Rupert
 12266 | Lair:4   | Found a staircase to the Slime Pits.
 12266 | Lair:4   | Noticed Snorg
 12274 | Lair:4   | Reached skill level 13 in Summonings
 12285 | Lair:4   | Found a viscous altar of Jiyva.
 12298 | Lair:4   | You are sucked into a shaft and drop 1 floor!
 12298 | Lair:5   | Entered Level 5 of the Lair of Beasts
 12648 | Lair:4   | Killed from afar by an ice dragon

Illustrated notes

Levels and vault maps discovered:
D:1:      dpeg_arrival_simpleton_b, layout_rooms, ebering_ecumenical_altar_box,
          chequers_serial_rivers_micro_a
D:2:      layout_rooms, serial_shops, shop_fountains, uniq_terence
D:3:      layout_loops_cross, serial_aquarium, aquarium_bridge_square
          [aquarium_subvault_balcony, aquarium_subvault_bridge,
          aquarium_subvault_window, aquarium_subvault_bridge],
          aquarium_bridge_square [aquarium_subvault_wall,
          aquarium_subvault_bridge, aquarium_subvault_wall,
          aquarium_subvault_wall], aquarium_window_2, aquarium_window_2,
          aquarium_window_corridor_3, aquarium_view_2b, aquarium_balcony_5a,
          aquarium_pool_2, minmay_misc_feat_doors
D:4:      layout_cave_pools, kennysheep_generic_room_3
D:5:      layout_rooms, lemuel_mausoleum_altar_yredelemnul,
          chequers_temple_overflow_minitemple, uniq_prince_ribbit1
D:6:      layout_basic, uniq_sigmund
D:7:      layout_gridville, minmay_temple_entry_waves, minivault_11,
          minmay_a_box_with_orc_wizards_in_it
D:8:      layout_loops_ring, serial_shops, shop, chequers_big_river
D:9:      minmay_weird_star, layout_basic, david_orc_4, special_room
          [special_room_kobold], dreamdust_deal_with_the_devil
D:10:     nicolae_cairo_tiling_very_big, layout_irregular_city, enter_bailey_2,
          minivault_21
D:11:     layout_rooms, serial_shops, kennysheep_mini_moat,
          lightli_elemental_guards
D:12:     layout_basic, serial_shops, nicolae_shop_waterfront, uniq_nessos,
          uniq_maurice
Lair:1:   layout_layer_cave, nzn_random_ring
Lair:2:   layout_gridlike, dummy_snake_entry, dreamdust_wasp_nest,
          grunt_megastairs_3, serial_bayou_shore_a, lemuel_fruit_fields
Lair:3:   layout_roguey, minmay_swamp_entry_reptiles, serial_bayou_shore_b,
          grunt_megastairs_1
Lair:4:   dreamdust_isle_of_ice, layout_cave_pods, slime_entry_1,
          hellmonk_guarded_unrand_zhor, grunt_megastairs_4, uniq_rupert,
          uniq_snorg
Lair:5:   grunt_lair_end_beastmaster, layout_gridlike, enter_volcano_2,
          st_stairs_8, bh_autumn_forest_stairs, minmay_shattered_shrine

Skill      XL: |  1  2  3  4  5  6  7  8  9 10 11 12 13 |
---------------+----------------------------------------+-----
Fighting       | 2 3 4 5 6 7 8 9 |  9.7
Polearms       | 1 2 3 4 5 |  5.4
Summonings     | 5 6 7 8 10 11 12 13 | 13.2
Spellcasting   | 3 4 5 6 7 8 |  8.4
Ice Magic      | 2 |  2.7
Fire Magic     | 2 5 7 8 |  8.7
Invocations    | 1 3 4 5 7 |  7.1
Dodging        | 2 4 5 6 |  6.2
Air Magic      | 3 |  3.3
Staves         | 2 5 7 9 |  9.4
Evocations     | 2 3 |  3.8

Action                   |  1- 3 |  4- 6 |  7- 9 | 10-12 | 13-15 || total
-------------------------+-------+-------+-------+-------+-------++-------
Melee: Club              |    17 |       |       |       |       ||    17
       Tailslap          |     6 |     2 |    33 |    80 |    42 ||   163
       Whip              |    44 |       |       |       |       ||    44
       Spear             |    11 |    69 |   240 |    35 |       ||   355
       Punch             |       |     1 |     3 |       |       ||     4
       Quarterstaff      |       |       |       |   343 |   261 ||   604
       Headbutt          |       |       |       |    97 |    62 ||   159
       Staff             |       |       |       |    21 |       ||    21
       Short sword       |       |       |       |    13 |       ||    13
 Fire: Shortbow          |       |       |       |     3 |       ||     3
 Cast: Summon Small Mamm |    18 |     3 |       |       |       ||    21
       Call Canine Famil |     4 |     9 |    16 |    25 |     5 ||    59
       Summon Ice Beast  |       |       |     3 |     9 |     1 ||    13
       Poisonous Vapours |       |       |     1 |    10 |     2 ||    13
       Summon Lightning  |       |       |       |    36 |    21 ||    57
       Apportation       |       |       |       |     2 |       ||     2
       Foxfire           |       |       |       |     6 |       ||     6
       Flame Wave        |       |       |       |     5 |     3 ||     8
       Airstrike         |       |       |       |       |     1 ||     1
Invok: Wall of Briars    |       |       |       |     2 |       ||     2
 Abil: Breathe Fire      |       |       |    27 |    30 |    10 ||    67
Evoke: Wand              |       |       |       |     1 |       ||     1
  Use: Scroll            |     2 |     4 |     6 |    10 |     5 ||    27
       Potion            |     1 |       |       |    16 |     1 ||    18
 Stab: Distracted        |     2 |       |     3 |     7 |     6 ||    18
       Sleeping          |       |     1 |     3 |     1 |       ||     5
Armor: Skin              |    30 |     7 |    93 |   341 |   168 ||   639
Dodge: Dodged            |    55 |    16 |    85 |   421 |   256 ||   833
